 Dungeon Crawl Stone Soup version 0.29.1-4-g47bece8355 (webtiles) character file.

Game seed: 17019085992136983421

205 DoIIoM the Sneak (level 5, -3/34 HPs)
             Began as an Octopode Earth Elementalist on Dec 2, 2022.
             Slain by a goblin
             ... wielding a +0 club
             ... led by Robin
              (5 damage)
             ... on level 4 of the Dungeon.
             The game lasted 00:06:40 (3156 turns).

DoIIoM the Sneak (Octopode Earth Elementalist)      Turns: 3156, Time: 00:06:40

Health: -3/34      AC:  1    Str:  8    XL:     5   Next: 83%
Magic:  3/9        EV: 13    Int: 19    God:
Gold:   230        SH:  0    Dex: 12    Spells: 6/10 levels left

rFire   . . .      SeeInvis .   k - +2 dagger (freeze)
rCold   . . .      Faith    .   (no shield)
rNeg    . . .      Spirit   .   (helmet restricted)
rPois   .          Reflect  .   (no amulet)
rElec   .          Harm     .   (no ring)
rCorr   .          Rampage  .   (no ring)
Will    .....                   (no ring)
Stlth   ++++......              (no ring)
HPRegen 0.11/turn               (no ring)
MPRegen 0.11/turn               (no ring)
                                (no ring)
                                (no ring)

@: lethally poisoned (-3 -> -6)
A: almost no armour, amphibious, 8 rings, camouflage 1, gelatinous body 1,
(nimble swimmer 1), tentacles
a: no special abilities


You were on level 4 of the Dungeon.
You visited 1 branch of the dungeon, and saw 4 of its levels.

You collected 230 gold pieces.

Inventory:

Hand Weapons
 e - a +0 dagger
 k - a +2 dagger of freezing (weapon)
Jewellery
 r - an amulet of guardian spirit
Wands
 j - a wand of charming (2)
Scrolls
 b - 3 scrolls of poison
 f - a scroll of teleportation
 l - a scroll of magic mapping {unknown}
 m - 2 scrolls of identify {unknown}
 n - a scroll of fear {unknown}
 p - 2 scrolls of enchant armour {unknown}
 q - 3 scrolls of immolation {unknown}
Potions
 a - a potion of magic
 c - a potion of degeneration {unknown}
 d - 4 potions of mutation {unknown}
 g - 2 potions of heal wounds {unknown}
 h - a potion of brilliance {unknown}
 i - 2 potions of haste {unknown}
 o - 2 potions of curing {unknown}


   Skills:
 + Level 2.2 Fighting
 - Level 2.0 Dodging
 - Level 4.5 Stealth
 + Level 3.0 Spellcasting
 - Level 2.0 Transmutations
 + Level 3.9 Earth Magic


You had 6 spell levels left.
You knew the following spells:

 Your Spells              Type           Power      Damage    Failure   Level
a - Sandblast             Erth           36%        2d10      3%          1
b - Stone Arrow           Conj/Erth      20%        3d8       21%         3

Your spell library contained the following spells:

 Spells                   Type           Power      Damage    Failure   Level
 Passwall                 Tmut/Erth      11%        N/A       7%          2
 Foxfire                  Conj/Fire      8%         2x1d4     16%         1
 Conjure Flame            Conj/Fire      2%         6-21      41%         3
 Inner Flame              Hex/Fire       2%         N/A       41%         3
 Petrify                  Tmut/Erth      14%        N/A       41%         4
 Flame Wave               Conj/Fire      2%         2d4       83%         4


Dungeon Overview and Level Annotations

Branches:
Dungeon (4/15)
 Temple: D:4-7

Altars:

Shops:
D:2 :

Annotations:
D:4 Robin


Innate Abilities, Weirdness & Mutations

You cannot wear most types of armour.
You are amphibious.
You can wear up to eight rings at the same time.
Your skin changes colour to match your surroundings (Stealth+).
Your rubbery body absorbs attacks. (AC +1, EV +1)
((You are camouflaged when in or above water. (Stealth+)))
You have tentacles for arms and can constrict up to eight enemies at once.


Message History

Press: ? - help, Shift-Dir - straight line, f/p - scorpion
Aim: a scorpion (82% to hit)
The blast of sand hits the scorpion!
The scorpion is heavily wounded.
The scorpion stings you but does no damage.
The scorpion stings you!
You are poisoned.
The scorpion poisons you!
Unknown command.
Casting: Sandblast (safe; 3% risk of failure)
Confirm with . or Enter, or press ? or * to list all spells.
Aiming: Sandblast (safe; 3% risk of failure)
Press: ? - help, Shift-Dir - straight line, f/p - scorpion
Aim: a scorpion (heavily wounded, 82% to hit)
The blast of sand hits the scorpion!
The scorpion is almost dead.
You feel very sick. The scorpion closely misses you. The scorpion stings you!
* * * LOW HITPOINT WARNING * * *
Okay, then.
Unknown command.
Casting: Sandblast (safe; 3% risk of failure)
Confirm with . or Enter, or press ? or * to list all spells.
Aiming: Sandblast (safe; 3% risk of failure)
Press: ? - help, Shift-Dir - straight line, f/p - scorpion
Aim: a scorpion (almost dead, 82% to hit)
The blast of sand misses the scorpion.
You feel sick. The goblin barely misses you. The scorpion barely misses you.
Casting: Sandblast (safe; 3% risk of failure)
Confirm with . or Enter, or press ? or * to list all spells.
Aiming: Sandblast (safe; 3% risk of failure)
Press: ? - help, Shift-Dir - straight line, f/p - scorpion
Aim: a scorpion (almost dead, 82% to hit)
The blast of sand hits the scorpion but does no damage.
The scorpion is almost dead.
You feel sick. The scorpion stings you.
* * * LOW HITPOINT WARNING * * *
The goblin closely misses you. The scorpion barely misses you.
The goblin hits you with a +0 club.
You die...

#..<.)............)#
#................)<#
##..)##............#
#...##............#
#....###+######....###
#....##>.....##.)....#
#..................#...#
#..................###+#
.........@......#
>........gs....##
..............##
##......##.##
#...<..##.# #.........+
#.........# +.........#
#...$..##[.#


You could see a scorpion and a goblin.

Vanquished Creatures
  An ogre (D:4)
  3 gnolls (D:4)
  3 adders (D:2)
  A worm (D:2)
  A dart slug (D:1)
  4 endoplasms
  4 giant cockroaches
  8 goblins
  10 hobgoblins
  2 jackals (D:2)
  5 kobolds
  A quokka (D:1)
  5 ball pythons
  2 bats
  5 frilled lizards
  6 rats
61 creatures vanquished.

Notes
Turn   | Place    | Note
-------+----------+-------------------------------------------
     0 | D:1      | DoIIoM the Octopode Earth Elementalist began the quest for
                  | the Orb.
     0 | D:1      | Reached XP level 1. HP: 11/11 MP: 3/3
   217 | D:1      | Reached XP level 2. HP: 18/18 MP: 5/5
   232 | D:1      | Reached skill level 3 in Stealth
   790 | D:2      | Found Kikhouhi's Book Emporium.
   800 | D:2      | Reached XP level 3. HP: 22/22 MP: 2/6
   989 | D:2      | Reached skill level 1 in Fighting
  1105 | D:2      | Found a faded altar of an unknown god.
  1359 | D:2      | Reached XP level 4. HP: 28/28 MP: 7/7
  2076 | D:3      | Learned a level 3 spell: Stone Arrow
  2549 | D:4      | Noticed a scorpion
  2603 | D:4      | Reached skill level 4 in Stealth
  2764 | D:4      | Reached XP level 5. HP: 34/34 MP: 6/9
  2809 | D:4      | Noticed an ogre
  2820 | D:4      | Killed an ogre
  2881 | D:4      | Noticed Robin
  3156 | D:4      | Slain by a goblin

Illustrated notes

Levels and vault maps discovered:
D:1:      lemuel_arrival_broad_hall, layout_loops_cross
D:2:      layout_basic, serial_shops, shop, hellmonk_ecumenical_altar_zigzags,
          kennysheep_potato
D:3:      layout_basic
D:4:      layout_gridville, dk_noncrumbling_4, uniq_robin, uniq_natasha

Skill      XL: |  1  2  3  4  5 |
---------------+----------------+-----
Stealth        | 3 4 |  4.5
Fighting       | 1 2 |  2.2
Transmutations | 2 |  2.0
Spellcasting   | 3 |  3.0
Dodging        | |  2.0
Earth Magic    | |  3.9

Action                   |  1- 3 |  4- 6 || total
-------------------------+-------+-------++-------
Melee: Unarmed           |     8 |       ||     8
       Dagger            |    50 |    30 ||    80
       Constrict         |    10 |     8 ||    18
       Tentacles         |     9 |     3 ||    12
       Punch             |     1 |       ||     1
 Cast: Sandblast         |     2 |    23 ||    25
  Use: Scroll            |     2 |       ||     2
 Stab: Sleeping          |    16 |     9 ||    25
       Distracted        |     1 |       ||     1
Armor: Skin              |     3 |     3 ||     6
Dodge: Dodged            |    29 |    21 ||    50
